Map: Coda ER

Players

efelinto

  • Race: Protoss Protoss
  • Spawn Location: 11:00

I.A. 2 (Muito fácil)

  • Race: Protoss Protoss
  • Spawn Location: 5:00

VOD

Have the link to the VOD?

Description

Time

  • Played on: April 1, 2017, 7:24 p.m.
  • Length: 6:02
Show
View Real Time Build Order
Export as new Build Order

efelinto Protoss 

Build Orders:  

Get SALT Encoding   

  12  0:01  Probe (Chrono Boost)  
  13  0:12  Probe (Chrono Boost)  
  14  0:22  Pylon  
  14  0:23  Probe (Chrono Boost)  
  15  0:40  Probe (Chrono Boost)  
  16  0:47  Assimilator  
  16  0:51  Probe (Chrono Boost)  
  16  0:55  Assimilator  
  17  1:00  Gateway  
  17  1:01  Probe (Chrono Boost)  
  18  1:12  Probe (Chrono Boost)  
  19  1:22  Probe (Chrono Boost)  
  20  1:33  Probe (Chrono Boost)  
  21  1:43  Probe (Chrono Boost)  
  22  2:01  Probe (Chrono Boost), Nexus  
  23  2:27  Pylon  
  23  2:29  Pylon  
  23  2:30  Pylon  
  23  2:42  Cybernetics Core  
  23  2:45  Zealot  
  23  2:46  Probe (Chrono Boost)  
  26  2:56  Probe (Chrono Boost)  
  27  3:11  Gateway  
  27  3:12  Gateway  
  27  3:16  Gateway  
  27  3:20  Probe (Chrono Boost)  
  27  3:21  Probe (Chrono Boost)  
  29  3:31  Probe x2 (Chrono Boost), Warp Gate  
  31  3:42  Probe x2 (Chrono Boost)  
  33  3:54  Probe (Chrono Boost)  
  34  4:02  Probe (Chrono Boost)  
  35  4:06  Probe (Chrono Boost)  
  36  4:13  Probe (Chrono Boost)  
  38  4:18  Probe (Chrono Boost)  
  38  4:23  Probe (Chrono Boost)  
  38  4:24  Assimilator  
  39  4:27  Assimilator  
  39  4:28  Stalker  
  39  4:30  Probe (Chrono Boost)  
  42  4:36  Probe (Chrono Boost)  
  43  4:42  Probe (Chrono Boost)  
  44  4:48  Probe (Chrono Boost)  
  46  4:54  Probe (Chrono Boost)  
  46  4:56  Stalker  
  46  4:59  Probe (Chrono Boost)  
  49  5:06  Probe (Chrono Boost)  
  50  5:10  Probe (Chrono Boost)  
  51  5:18  Probe (Chrono Boost)  
Show
View Real Time Build Order
Export as new Build Order

I.A. 2 (Muito fácil) Protoss 

Build Orders:  

Get SALT Encoding   

  12  0:01  Probe (Chrono Boost)  
  13  0:11  Probe (Chrono Boost)  
  14  0:22  Pylon  
  14  0:38  Assimilator  
  14  0:43  Gateway  
  14  0:47  Pylon  
  14  1:17  Assimilator  
  14  1:30  Probe (Chrono Boost), Zealot  
  17  1:35  Cybernetics Core  
  17  1:42  Probe (Chrono Boost)  
  18  1:52  Probe (Chrono Boost)  
  19  2:01  Warp Gate  
  19  2:03  Probe (Chrono Boost)  
  20  2:14  Probe (Chrono Boost)  
  21  2:26  Probe (Chrono Boost)  
  22  2:43  Stalker  
  23  4:25  Probe (Chrono Boost)  
Tags
 
Matchup
PvP
Spawn Locations
Cross Positions
Add a new tag
Caveats
  • Supply blocks, unpowered buildings, or Contaminate may cause inaccurate times.
  • Supply counts are checked every 10 seconds.